 Dungeon Crawl Stone Soup version 0.18.1-50-g88ac8fd (webtiles) character file.

148 varam the Chucker (level 5, 44/50 HPs)
             Began as an Ogre Hunter on Oct 17, 2016.
             Quit the game on level 3 of the Dungeon.
             The game lasted 00:05:09 (3016 turns).

varam the Chucker (Ogre Hunter)                     Turns: 3016, Time: 00:05:10

Health: 44/50      AC:  3    Str: 18    XL:     5   Next: 30%
Magic:  5/5        EV: 10    Int: 10    God:
Gold:   69         SH:  0    Dex: 10    Spells: 0 memorised, 4 levels left

rFire  . . .     SeeInvis .     v - +0 giant club
rCold  . . .     Gourm    .     b - +0 robe
rNeg   . . .     Faith    .     (shield currently unavailable)
rPois  .         Spirit   .     (helmet restricted)
rElec  .         Dismiss  .     (no cloak)
rCorr  .         Reflect  .     (gloves unavailable)
SustAt .         Harm     .     (boots unavailable)
MR     .....                    (no amulet)
Stlth  +.........               (no ring)
                                (no ring)

@: not resistant to hostile enchantments, very unstealthy
A: unfitting armour, tough skin 1
a: no special abilities


You were on level 3 of the Dungeon.
You were not hungry.

You visited 1 branch of the dungeon, and saw 3 of its levels.

You collected 69 gold pieces.

Inventory:

Hand Weapons
 v - a +0 giant club (weapon)
Missiles
 c - 4 large rocks (quivered)
 d - 3 throwing nets
 p - 36 stones
Armour
 b - a +0 robe (worn)
Jewellery
 n - a cursed -4 ring of evasion {unknown}
Scrolls
 a - a scroll of magic mapping {unknown}
 e - a scroll of amnesia {unknown}
 g - a scroll of identify {unknown}
 o - 3 scrolls of random uselessness {unknown}
 r - 2 scrolls of teleportation {unknown}
 t - a scroll of fear {unknown}
Potions
 i - 2 potions of curing {unknown}
 k - 2 potions of heal wounds {unknown}
 l - a potion of might {unknown}
 m - a potion of berserk rage {unknown}
Comestibles
 f - 2 bread rations
 h - 2 meat rations
 q - a beef jerky


   Skills:
 - Level 2.6 Fighting
 + Level 3.3 Maces & Flails
 + Level 5.1 Throwing
 + Level 1.9 Armour
 - Level 1.7 Dodging
 - Level 0.7 Stealth


You had 4 spell levels left.
You didn't know any spells.

Dungeon Overview and Level Annotations

Branches:
Dungeon (3/15)

Altars:
Cheibriados
Gozag
Pakellas
Vehumet


Innate Abilities, Weirdness & Mutations

You are too large for most types of armour.
You have tough skin (AC +1).


Message History

You feel sick.
You start resting.
You feel sick. x3
You hear the brisk rusting of a distant drain.
You start resting.
You feel sick.
You are no longer poisoned.
You start resting.
You hear the brisk rusting of a distant drain.
You start resting.
You hear the quick rusting of a distant drain.
You start resting.
You hear the quick rusting of a distant drain.
You start resting.
You hear the rapid rusting of a distant drain.
Unknown command.
You hear the sound of rushing water.
There is an entrance to a sewer on this level.
Hurry and find it before the portal rusts away!
Welcome back, varam the Ogre Hunter.
Press ? for a list of commands and other information.
Are you sure you want to abandon this character and quit the game? (Confirm with "yes".)

#...........
#...........##.#
#...........##.#
#...........##.#
#...........##.#
.##...........##.#
..............##.#
##........>...##.#
#.#.#.#...รท....@#
#.#.#.#.#########
#.#.#..........#
#.#.#..........#
#.#.#..........#
#.#.#<.....(...#
#.#.###.########
#.....# #######


There were no monsters in sight!

Vanquished Creatures
  An ogre (D:2)
  2 adders
  2 worms (D:2)
  4 dart slugs
  2 giant geckos
  3 bats
  A giant cockroach (D:2)
  4 hobgoblins
  3 jackals (D:2)
  4 goblins
  5 kobolds
  4 rats
35 creatures vanquished.

Notes
Turn   | Place    | Note
--------------------------------------------------------------
     0 | D:1      | varam the Ogre Hunter began the quest for the Orb.
     0 | D:1      | Reached XP level 1. HP: 22/22 MP: 1/1
   193 | D:1      | Reached XP level 2. HP: 23/29 MP: 2/2
  1122 | D:2      | Reached skill level 1 in Maces & Flails
  1122 | D:2      | Reached skill level 1 in Armour
  1219 | D:2      | Found a snail-covered altar of Cheibriados.
  1222 | D:2      | Reached XP level 3. HP: 36/36 MP: 3/3
  2276 | D:2      | Found a radiant altar of Vehumet.
  2310 | D:2      | Found an oddly glowing altar of Pakellas.
  2315 | D:2      | Found an opulent altar of Gozag.
  2438 | D:3      | Noticed an ogre
  2452 | D:2      | Killed an ogre
  2452 | D:2      | Reached skill level 5 in Throwing
  2452 | D:2      | Reached XP level 4. HP: 22/44 MP: 4/4
  2452 | D:2      | Reached XP level 5. HP: 26/50 MP: 5/5
  3016 | D:3      | Quit the game

Skill      XL: |  1  2  3 |
---------------+----------+-----
Maces & Flails | 1 3 |  3.3
Armour         | 1 |  1.9
Throwing       | 5 |  5.1
Fighting       | |  2.6
Dodging        | |  1.7
Stealth        | |  0.7

Action                   |  1- 3 |  4- 6 || total
-------------------------+-------+-------++-------
Melee: Short sword       |    11 |       ||    11
       Club              |   108 |       ||   108
       Giant club        |       |    29 ||    29
 Fire: Hunting sling     |    13 |       ||    13
Throw: Large rock        |    14 |       ||    14
       Stone             |    12 |       ||    12
 Stab: Sleeping          |     1 |       ||     1
  Eat: Bread ration      |     1 |       ||     1
       Chunk             |       |     2 ||     2
Armor: Robe              |    33 |     6 ||    39
Dodge: Dodged            |    92 |    20 ||   112
